cohdb
Replays
Latest Replays
All Replays
Popular Replays
Top Player Replays
Match Explorer
How It Works
Community
CoH3 Stats
Reddit
Sign in to upload your games and track your stats! →
Sign in with Steam
Match 41097284
Unlisted
Match 41097284
Overview
Messages
Build Orders
End
Kradschützen Motorcycle Team
Panzergrenadier Squad
Panzergrenadier Squad
Construct Light Support Kompanie
2.5-tonne Medical Truck
MG34 Team
Selects Panzerjäger Kommand Battlegroup
Selects Blockade Equipment
Selects Defensive Positions
Construct Mechanized Kompanie
Veteran Squad Leaders
Marder III Tank Destroyer
Marder III Tank Destroyer
HFw_Steiner
Devil King GAM
jakob18516
Drazen
Madd Maxx
Asni
Trans rights r human rights
Cuilein
0
0
Comments
sign in to comment!
No comments posted yet!